 Dungeon Crawl Stone Soup version 0.29.0-4-gdea44cf6ec (webtiles) character file.

Game seed: 6721865523356455125

151 qw the Sneak (level 5, -2/32 HPs)
             Began as a Gargoyle Delver on Sept 10, 2022.
             Slain by a gnoll
             ... wielding a +3 halberd
              (7 damage)
             ... on level 4 of the Dungeon.
             The game lasted 00:00:13 (270 turns).

qw the Sneak (Gargoyle Delver)                       Turns: 270, Time: 00:00:13

Health: -2/32      AC: 10    Str: 17    XL:     5   Next: 33%
Magic:  5/5        EV: 11    Int: 11    God:
Gold:   47         SH:  0    Dex: 11    Spells: 4/4 levels left

rFire   . . .      SeeInvis .   Y - +1 hand axe
rCold   + + .      Faith    .   (no shield)
rNeg    + . .      Spirit   .   i - +1 ring mail of Ynakah {rC++ Regen+}
rPois   inf        Reflect  .   (no helmet)
rElec   +          Harm     .   (no cloak)
rCorr   .          Rampage  .   (no gloves)
Will    .....                   (no boots)
Stlth   ++........              (no amulet)
HPRegen 0.90/turn               (no ring)
MPRegen 0.09/turn               (no ring)

@: no status effects
A: sickness immunity, AC +4, negative energy resistance 1, electricity
resistance, torment resistance 1, petrification resistance
a: no special abilities


You were on level 4 of the Dungeon.
You visited 1 branch of the dungeon, and saw 2 of its levels.

You collected 47 gold pieces.


Innate Abilities, Weirdness & Mutations

You are immune to sickness and miasma.
Your stone body is resilient. (AC +4)
You are immune to poison.
You resist negative energy. (rN+)
You are resistant to electric shocks. (rElec)
You are resistant to unholy torment.
You are immune to petrification.


   Skills:
 - Level 3.2 Fighting
 + Level 4.2 Axes
 - Level 2.5 Armour
 - Level 1.5 Dodging
 - Level 5.4 Stealth


You had 4 spell levels left.
You didn't know any spells.
Your spell library was empty.

Inventory:

Hand Weapons
 b - a +0 whip
 Y - a +1 hand axe (weapon)
Armour
 i - the +1 ring mail of Ynakah (worn) {rC++ Regen+}
   (You found it on level 5 of the Dungeon)

   rC:        It greatly protects you from cold.
   Regen:     It increases your rate of health regeneration.
Wands
 g - a wand of digging (3)
Scrolls
 a - a scroll of teleportation {unknown}
Potions
 f - a potion of haste

Dungeon Overview and Level Annotations

Branches:
Dungeon (5/15)
 Temple: D:4-7

Altars:


Message History

You hit the endoplasm but do no damage. The gnoll barely misses you.
The endoplasm hits you but does no damage.
The gnoll closely misses you. The gnoll barely misses you.
You slash the gnoll!
The gnoll is almost dead.
You completely miss the endoplasm. The endoplasm closely misses you.
The gnoll closely misses you. x2
The gnoll hits you with a +0 club.
You slash the gnoll!
You kill the gnoll!
You hit the endoplasm. The gnoll hits you but does no damage.
The endoplasm freezes you.
You are frozen.
You resist. The gnoll barely misses you.
You barely miss the gnoll.
The gnoll is moderately wounded.
You completely miss the endoplasm. The gnoll barely misses you.
The endoplasm freezes you.
You are frozen.
You resist. The gnoll barely misses you. The gnoll closely misses you.
You hit the gnoll but do no damage.
The gnoll is moderately wounded.
You hit the endoplasm. The gnoll hits you with a +0 club.
The endoplasm freezes you.
You are frozen.
You resist. The gnoll closely misses you.
The gnoll hits you from afar with a +0 halberd.
You slash the endoplasm!
You kill the endoplasm!
You barely miss the gnoll. The gnoll hits you but does no damage.
The gnoll closely misses you. The gnoll hits you with a +0 club.
You hit the gnoll.
The gnoll is heavily wounded.
You hit the kobold.
You kill the kobold!
The gnoll hits you from afar with a +3 halberd!
You die...

#...#
#.#...#....########
#####
#.###..............
#.#####..##########
#........#
########.# #.# #.#
#.# #@# #..g)..#
#..g.g.# #......#
#.....?# #......#
###+####


You could see 3 gnolls.

Vanquished Creatures
  A phantom (D:4)
  A scorpion (D:4)
  A gnoll (D:4)
  A dart slug (D:4)
  An orc (D:5)
  An endoplasm (D:4)
  A hobgoblin (D:4)
  3 kobolds (D:4)
10 creatures vanquished.

Notes
Turn   | Place    | Note
-------+----------+-------------------------------------------
     0 | D:5      | qw the Gargoyle Delver began the quest for the Orb.
     0 | D:5      | Reached XP level 1. HP: 14/14 MP: 1/1
     0 | D:5      | 0 ||| qw: Version: 0.1-a-116-g5d60599
     0 | D:5      | 0 ||| qw: Game counter: 7954
     0 | D:5      | 0 ||| qw: Always use a shield: true
     0 | D:5      | 0 ||| qw: God list: Okawaru
     0 | D:5      | 0 ||| qw: Allow faded altars: false
     0 | D:5      | 0 ||| qw: Do Orc after D:15 true
     0 | D:5      | 0 ||| qw: Do second Lair branch before Depths: true
     0 | D:5      | 0 ||| qw: Lair rune preference: random
     0 | D:5      | 0 ||| qw: Plans: Normal
     0 | D:5      | 0 ||| PLANNING D:1-11
    23 | D:5      | Identified the +1 ring mail of Ynakah {rC++ Regen+}
    29 | D:5      | 29 ||| Stepping ~*~*~tactically~*~*~ (stealth).
    33 | D:5      | 33 ||| Stepping ~*~*~tactically~*~*~ (stealth).
    62 | D:5      | 62 ||| UPGRADING to +1 ring mail of Ynakah {rC++ Regen+}.
    72 | D:5      | 72 ||| DROPPING +0 leather armour.
    73 | D:5      | 73 ||| READING scroll labelled TULUACUNIF.
    74 | D:5      | 74 ||| READING scroll labelled SOHONW TUHEOS.
    75 | D:5      | 75 ||| DROPPING scroll of fog.
    76 | D:5      | 76 ||| DROPPING scroll of magic mapping.
    77 | D:5      | 77 ||| DROPPING scroll of fear.
   129 | D:4      | 129 ||| DROPPING +0 club.
   157 | D:4      | Noticed a phantom
   172 | D:4      | Reached XP level 2. HP: 9/19 MP: 2/2
   179 | D:4      | Killed a phantom
   180 | D:4      | Reached XP level 3. HP: 18/23 MP: 3/3
   180 | D:4      | Reached XP level 4. HP: 22/28 MP: 4/4
   200 | D:4      | Noticed a scorpion
   221 | D:4      | Killed a scorpion
   222 | D:4      | Reached XP level 5. HP: 24/32 MP: 5/5
   263 | D:4      | HP: 7/32 [gnoll/+3 halberd (2)]
   268 | D:4      | HP: 8/32 [gnoll/+0 club (2)]
   270 | D:4      | Slain by a gnoll

Levels and vault maps discovered:
D:4:      layout_basic
D:5:      layout_cave_pools, item_on_display_a

Skill      XL: |  1  2  3  4 |
---------------+-------------+-----
Axes           | 2 4 |  4.2
Armour         | 2 |  2.5
Fighting       | |  3.2
Dodging        | |  1.5
Stealth        | |  5.4

Action                   |  1- 3 |  4- 6 || total
-------------------------+-------+-------++-------
Melee: Hand axe          |    31 |    20 ||    51
  Use: Scroll            |     2 |       ||     2
Armor: Ring mail         |     9 |    11 ||    20
Dodge: Dodged            |    17 |    19 ||    36

Table legend:
 A = Non-vault XP
 B = Vault XP
 C = Vault XP percentage of total XP
 D = Non-vault monster count
 E = Vault monster count
 F = Vault count percentage of total count
                 A         B        C        D         E       F
            +---------+---------+-------+---------+---------+-------
      Total |     219 |       0 |   0.0 |      10 |       0 |   0.0
            +---------+---------+-------+---------+---------+-------
        D:4 |     216 |       0 |   0.0 |       9 |       0 |   0.0
        D:5 |       3 |       0 |   0.0 |       1 |       0 |   0.0
            +---------+---------+-------+---------+---------+-------
